[Event "Titled Tuesday Blitz August 02 Early 2022"]
[White "Jovic, Stanoje"]
[Black "Shkapenko, Pavel"]
[WhiteFideId "905020"]
[BlackFideId "4151933"]
[WhiteElo "2238"]
[BlackElo "2386"]
[Result "0-1"]
[Round "06"]
[TimeControl "180+1"]
[Date "2022.08.02"]
[WhiteClock "0:00:11"]
[BlackClock "0:01:03"]

1. c4 e5 2. g3 c6 3. d4 Bb4+ 4. Bd2 Bxd2+ 5. Qxd2 d6 6. dxe5 dxe5 7. Qxd8+ Kxd8 8. Nc3 Be6 9. O-O-O+ Kc7 10. b3 Nd7 11. f4 a5 12. a4 Nc5 13. Kb2 Nf6 14. Bg2 Ng4 15. f5 Bxf5 16. Bh3 Be6 17. Bxg4 Bxg4 18. Nf3 f6 19. h3 Be6 20. g4 Rad8 21. Rxd8 Kxd8 22. Rd1+ Kc7 23. Nd2 h5 24. gxh5 Rxh5 25. Rg1 Rh7 26. h4 Bf5 27. Rg3 Ne6 28. e4 Bxe4 29. Ndxe4 Rxh4 30. Nf2 f5 31. Rh3 Rxh3 32. Nxh3 Kd6 33. Ne2 e4 34. Kc3 Ke5 35. Ng3 f4 36. Nh5 e3 37. Kd3 g5 38. Ke2 g4 39. N3xf4 Nxf4+ 0-1


[Site "https://www.chess.com"]

[Event "Titled Tuesday Blitz August 02 Early 2022"]
[White "Kevlishvili, Robby"]
[Black "Sevian, Samuel"]
[WhiteFideId "1040634"]
[BlackFideId "2040506"]
[WhiteElo "2929"]
[BlackElo "3024"]
[Result "0-1"]
[Round "06"]
[TimeControl "180+1"]
[Date "2022.08.02"]
[WhiteClock "0:00:03"]
[BlackClock "0:00:13"]

1. e4 c6 2. Nf3 d5 3. Nc3 g6 4. h3 Bg7 5. d4 Nf6 6. Bd3 c5 7. dxc5 dxe4 8. Nxe4 Nxe4 9. Bxe4 Qa5+ 10. c3 Qxc5 11. O-O Qc7 12. Re1 O-O 13. Bg5 Nc6 14. Qa4 Re8 15. Rad1 Be6 16. Bh4 Qb6 17. Ng5 Bc8 18. Bd5 e6 19. Bxc6 Qxc6 20. Qxc6 bxc6 21. Ne4 Ba6 22. Nf6+ Bxf6 23. Bxf6 Rab8 24. b3 Rb5 25. Rd7 Rf5 26. Bd4 c5 27. Be5 f6 28. Rxa7 Bd3 29. Bd6 Rd5 30. Bg3 c4 31. b4 e5 32. f3 Bc2 33. Rc1 Rd2 34. a4 Red8 35. a5 Ba4 36. Rb7 Rb2 37. Be1 e4 38. fxe4 Bc2 39. Re7 Rd6 40. Bf2 Rd2 41. a6 Bxe4 42. Rxe4 Rxf2 43. Rg4 f5 44. a7 Ra2 45. a8=Q+ Rxa8 46. Rxg6+ hxg6 47. Kxf2 Ra2+ 48. Kf3 Kf7 49. g4 Ke6 50. Re1+ Kd5 51. Re8 Rc2 52. Re3 Rh2 53. Kf4 Rf2+ 54. Kg3 Rf1 55. gxf5 gxf5 56. Rf3 Rg1+ 57. Kf4 Ke6 58. Re3+ Kf6 59. Rf3 Re1 60. h4 Re4+ 61. Kg3 Rg4+ 62. Kh3 Rg1 63. Rg3 Rh1+ 64. Kg2 Rxh4 65. Kf3 Ke5 66. Ke2 Rh2+ 67. Kf3 Rc2 68. Rg8 Rxc3+ 69. Ke2 Rb3 70. Rb8 Ke4 71. b5 Rb2+ 72. Kd1 f4 73. b6 Kf3 74. b7 Rb5 75. Kc2 Rb3 76. Kd2 Rd3+ 77. Kc2 Rd7 78. Kc3 Rc7 79. Kc2 c3 80. Rc8 Rxb7 81. Rxc3+ Kg2 82. Kd2 f3 83. Ke3 f2 84. Rc2 Re7+ 85. Kf4 Kg1 0-1


[Site "https://www.chess.com"]

[Event "Titled Tuesday Blitz August 02 Early 2022"]
[White "Kosteniuk, Alexandra"]
[Black "Vasquez Schroeder, Rodrigo"]
[WhiteFideId "4128125"]
[BlackFideId "3400042"]
[WhiteElo "2469"]
[BlackElo "2567"]
[Result "0-1"]
[Round "06"]
[TimeControl "180+1"]
[Date "2022.08.02"]
[WhiteClock "0:00:31"]
[BlackClock "0:00:22"]

1. e4 c5 2. Nf3 d6 3. d4 cxd4 4. Qxd4 Nc6 5. Bb5 Bd7 6. Qd3 Nf6 7. Bg5 h6 8. Bxf6 gxf6 9. Nc3 e6 10. O-O-O a6 11. Bxc6 bxc6 12. Rhe1 Qb6 13. Nd2 Qxf2 14. Re2 Qf4 15. g3 Qg5 16. h4 Qc5 17. Nc4 O-O-O 18. Nxd6+ Bxd6 19. Qxd6 Qxd6 20. Rxd6 Kc7 21. Rd3 Rhg8 22. Rf2 f5 23. exf5 exf5 24. Ne2 c5 25. Nf4 Be6 26. Rc3 Kb6 27. Re2 Rd6 28. Re5 Rc6 29. b3 Rd8 30. Rce3 Rdd6 31. c4 Kc7 32. Nd3 Kb6 33. Kc2 f6 34. Rxe6 Rxe6 35. Rf3 Re2+ 36. Kc3 Rd6 37. Nf4 Rxa2 38. Nd5+ Kc6 39. Rxf5 Rg2 40. Rf3 a5 41. Nxf6 Rdd2 42. Ne4 Rc2+ 43. Kd3 Rb2 44. Rf6+ Kc7 45. Rf7+ Kd8 46. Nxc5 Rxg3+ 47. Ke4 Rg4+ 48. Kd5 Rxh4 49. Kd6 Rd2+ 50. Kc6 Rg2 51. Ra7 Rg6+ 52. Kb5 Rh5 53. Rxa5 Rxc5+ 54. Kxc5 Rg5+ 55. Kb6 Rxa5 56. Kxa5 h5 57. b4 h4 58. b5 h3 0-1


[Site "https://www.chess.com"]

[Event "Titled Tuesday Blitz August 02 Early 2022"]
[White "Lobanov, Sergei"]
[Black "Vachylia, Andrii"]
[WhiteFideId "24183750"]
[BlackFideId "14137224"]
[WhiteElo "2524"]
[BlackElo "2318"]
[Result "1-0"]
[Round "06"]
[TimeControl "180+1"]
[Date "2022.08.02"]
[WhiteClock "0:00:06"]
[BlackClock "0:00:04"]

1. Nf3 Nf6 2. e3 g6 3. b3 Bg7 4. Bb2 O-O 5. c4 d6 6. Nc3 e5 7. d4 exd4 8. Nxd4 Nc6 9. Be2 Nxd4 10. Qxd4 Re8 11. Qd2 Ne4 12. Nxe4 Rxe4 13. Bf3 Re8 14. O-O Rb8 15. Bxg7 Kxg7 16. Qd4+ Qf6 17. Qxa7 Bf5 18. Bxb7 Bd3 19. Rfe1 Rxb7 20. Qxb7 Be4 21. Qb4 Qg5 22. f3 Bxf3 23. Qd2 Bc6 24. Re2 h5 25. Qd4+ Kg8 26. Rae1 Re4 27. Qd2 h4 28. h3 Qg3 29. Rf2 Re5 30. e4 Bxe4 31. Qf4 f5 32. a4 Qc3 33. Re3 Qb4 34. Qxh4 Qb6 35. Qg5 Kg7 36. Kh2 Qd4 37. h4 Re6 38. h5 Qe5+ 39. Rg3 Kh7 40. hxg6+ Kg7 41. Qh4 f4 42. Qh7+ Kf8 43. Qf7# 1-0


[Site "https://www.chess.com"]

[Event "Titled Tuesday Blitz August 02 Early 2022"]
[White "Martinez Alcantara, Jose Eduardo"]
[Black "Andreikin, Dmitry"]
[WhiteFideId "3805662"]
[BlackFideId "4158814"]
[WhiteElo "3010"]
[BlackElo "3128"]
[Result "1/2-1/2"]
[Round "06"]
[TimeControl "180+1"]
[Date "2022.08.02"]
[WhiteClock "0:02:16"]
[BlackClock "0:02:42"]

1. e4 e5 2. Nf3 Nf6 3. Nxe5 d6 4. Nf3 Nxe4 5. d4 d5 6. Bd3 Nc6 7. O-O Be7 8. Nbd2 Bf5 9. Re1 Nxd2 10. Qxd2 Bxd3 11. Qxd3 O-O 12. Bf4 Qd7 13. c3 Rfe8 14. Re2 Bd6 15. Bxd6 Rxe2 16. Qxe2 Qxd6 17. Re1 h6 18. Qb5 Rb8 19. g3 a6 20. Qd3 Qd7 21. Nh4 Re8 1/2-1/2


[Site "https://www.chess.com"]

[Event "Titled Tuesday Blitz August 02 Early 2022"]
[White "Munkhgal, Gombosuren"]
[Black "Mortazavi, Ali"]
[WhiteFideId "4901266"]
[BlackFideId "401323"]
[WhiteElo "2576"]
[BlackElo "2339"]
[Result "1-0"]
[Round "06"]
[TimeControl "180+1"]
[Date "2022.08.02"]
[WhiteClock "0:00:34"]
[BlackClock "0:00:14"]

1. d4 Nf6 2. Nf3 g6 3. g3 Bg7 4. Bg2 O-O 5. O-O d6 6. b3 a5 7. Bb2 a4 8. c4 c6 9. b4 Nbd7 10. a3 e5 11. dxe5 Ng4 12. Qxd6 Ndxe5 13. Qxd8 Rxd8 14. Nxe5 Nxe5 15. c5 Bg4 16. Re1 Nd3 17. exd3 Bxb2 18. Ra2 Bd4 19. Nd2 Re8 20. Re4 Be6 21. Rc2 Bg7 22. Nc4 Bd5 23. Rxe8+ Rxe8 24. Bxd5 cxd5 25. Nb6 Re1+ 26. Kg2 Ra1 27. b5 Rxa3 28. c6 bxc6 29. bxc6 Be5 30. c7 Bxc7 31. Rxc7 Rxd3 32. Nxa4 Ra3 33. Nc5 Kg7 34. Rd7 Kf6 35. Rxd5 Ra2 36. Rd6+ Ke7 37. Rd7+ Kf6 38. Rb7 h6 39. Ne4+ Ke5 40. Rxf7 Kxe4 41. Rf6 g5 42. Rxh6 g4 43. h3 gxh3+ 44. Rxh3 Kd3 45. Rh4 Ke2 46. Re4+ Kd3 47. Re8 Ra4 48. f4 Ra2+ 49. Kf3 Ra1 50. Kg4 Rh1 51. f5 Kd4 52. f6 Kd5 53. f7 1-0


[Site "https://www.chess.com"]

[Event "Titled Tuesday Blitz August 02 Early 2022"]
[White "Nasir, Zehn"]
[Black "Molina, Roberto Junio Brito"]
[WhiteFideId "2613239"]
[BlackFideId "2109450"]
[WhiteElo "1993"]
[BlackElo "2432"]
[Result "0-1"]
[Round "06"]
[TimeControl "180+1"]
[Date "2022.08.02"]
[WhiteClock "0:00:27"]
[BlackClock "0:01:54"]

1. d4 c6 2. Bf4 d5 3. e3 Qb6 4. Nd2 Qxb2 5. Bd3 Nf6 6. Ngf3 e6 7. O-O Qb6 8. c4 Qd8 9. Rb1 Bd6 10. Ne5 O-O 11. c5 Bc7 12. Qf3 Nfd7 13. Qh5 f5 14. Ndf3 Nxe5 15. dxe5 Qe8 16. Qh3 Nd7 17. g4 Nxc5 18. Bc2 Ne4 19. Kh1 fxg4 20. Qxg4 Qg6 21. Qxg6 hxg6 22. Bxe4 dxe4 23. Ng5 Rf5 24. Rfd1 Kf8 25. Nxe4 Ke8 26. Nd6+ Bxd6 27. Rxd6 c5 28. Rbd1 b6 29. Rd8+ Kf7 30. Rh8 Bb7+ 31. e4 Bxe4+ 32. f3 Bxf3+ 33. Kg1 Rxh8 34. Rd7+ Kg8 0-1


[Site "https://www.chess.com"]

[Event "Titled Tuesday Blitz August 02 Early 2022"]
[White "Nguyen, Quoc Hy"]
[Black "Harmon-Vellotti, Luke"]
[WhiteFideId "12410853"]
[BlackFideId "2030012"]
[WhiteElo "1938"]
[BlackElo "2354"]
[Result "1/2-1/2"]
[Round "06"]
[TimeControl "180+1"]
[Date "2022.08.02"]
[WhiteClock "0:00:54"]
[BlackClock "0:00:39"]

1. d4 Nf6 2. c4 e6 3. Nc3 Bb4 4. e3 O-O 5. Bd3 d5 6. Ne2 dxc4 7. Bxc4 c5 8. a3 Bxc3+ 9. Nxc3 Qc7 10. d5 exd5 11. Nxd5 Nxd5 12. Bxd5 Nc6 13. O-O Be6 14. Bxe6 fxe6 15. b3 Rad8 16. Qc2 Rd5 17. Bb2 Rfd8 18. Qe4 Qf7 19. Rac1 Qf5 20. Qc4 Qg6 21. b4 cxb4 22. axb4 a6 23. e4 R5d7 24. h3 h6 25. Rfe1 Kh7 26. b5 axb5 27. Qxb5 Rf8 28. Re3 Rff7 29. Rce1 Rf8 30. Rg3 Qe8 31. Bc3 e5 32. Rf1 Qe6 33. Rd3 Rxd3 34. Qxd3 Rd8 35. Qb5 Rd7 36. Rb1 Qd6 37. Qc4 Qd3 38. Qxd3 Rxd3 39. Be1 Rd7 40. f3 Kg8 41. Kf1 Kf7 42. Rb5 Ke6 43. Bc3 g6 44. Ke2 h5 45. h4 Rc7 46. Ke3 Rd7 47. Ke2 1/2-1/2


[Site "https://www.chess.com"]

[Event "Titled Tuesday Blitz August 02 Early 2022"]
[White "Ohanyan, Emin"]
[Black "Wu, Derek"]
[WhiteFideId "13312022"]
[BlackFideId "30914558"]
[WhiteElo "2871"]
[BlackElo "2791"]
[Result "1-0"]
[Round "06"]
[TimeControl "180+1"]
[Date "2022.08.02"]
[WhiteClock "0:00:45"]
[BlackClock "0:00:06"]

1. d4 Nf6 2. c4 e6 3. Nf3 b6 4. g3 Bb7 5. Bg2 g6 6. O-O Bg7 7. Nc3 Ne4 8. Qc2 Nxc3 9. Qxc3 O-O 10. Bg5 f6 11. Bf4 d6 12. d5 f5 13. Qd2 e5 14. Bh6 f4 15. Bxg7 Kxg7 16. e3 fxg3 17. fxg3 Nd7 18. e4 h6 19. Nh4 Qe7 20. Bh3 Nf6 21. Bf5 g5 22. Ng6 Qd8 23. Nxf8 Qxf8 24. h4 gxh4 25. gxh4 Kh8 26. Kh2 Re8 27. Rg1 Re7 28. Rg6 1-0


[Site "https://www.chess.com"]

[Event "Titled Tuesday Blitz August 02 Early 2022"]
[White "Oparin, Grigoriy"]
[Black "Seo, Jung Min"]
[WhiteFideId "24125890"]
[BlackFideId "1734687"]
[WhiteElo "2639"]
[BlackElo "2414"]
[Result "1-0"]
[Round "06"]
[TimeControl "180+1"]
[Date "2022.08.02"]
[WhiteClock "0:00:47"]
[BlackClock "0:01:39"]

1. e4 c5 2. Nf3 d6 3. d4 cxd4 4. Nxd4 Nf6 5. Nc3 a6 6. a4 e5 7. Nf3 Be7 8. Bg5 Be6 9. Bxf6 Bxf6 10. Nd5 O-O 11. Bc4 Nd7 12. O-O Rc8 13. Ba2 Nb6 14. c3 Nc4 15. Bxc4 Rxc4 16. Nxf6+ Qxf6 17. Qxd6 Rxe4 18. Rfe1 Bf5 19. Qd5 Rxe1+ 20. Rxe1 Qb6 21. Qxe5 Bd7 22. b4 Bxa4 23. Nd4 g6 24. Qg3 Bd7 25. h4 h5 26. Re7 Qd8 27. Qd6 Bc8 28. Qe5 Bd7 29. Qf6 Qc8 30. Nf3 Bb5 31. Ne5 Qf5 32. Qxf5 gxf5 33. Rxb7 Rc8 34. Nxf7 Rxc3 35. Nh6+ Kf8 36. Nxf5 Rc4 37. Rb8+ 1-0


[Site "https://www.chess.com"]

[Event "Titled Tuesday Blitz August 02 Early 2022"]
[White "Pranav Anand"]
[Black "Makarian, Rudik"]
[WhiteFideId "46626786"]
[BlackFideId "44105681"]
[WhiteElo "2806"]
[BlackElo "2896"]
[Result "0-1"]
[Round "06"]
[TimeControl "180+1"]
[Date "2022.08.02"]
[WhiteClock "0:00:58"]
[BlackClock "0:00:46"]

1. Nf3 Nf6 2. g3 b5 3. Bg2 Bb7 4. a4 b4 5. d3 e6 6. O-O Be7 7. e4 O-O 8. Re1 d5 9. e5 Nfd7 10. Bf4 c5 11. h4 Nc6 12. h5 h6 13. Nbd2 Qc7 14. Nf1 Rfc8 15. Qd2 Qd8 16. N1h2 a5 17. g4 Ra6 18. g5 hxg5 19. Nxg5 Ncxe5 20. Bh3 Bf6 21. Kf1 d4 22. Ke2 c4 23. Rg1 b3 24. h6 cxd3+ 25. Ke1 Rxc2 26. Qd1 Re2+ 27. Kf1 Rc6 28. Ng4 Bxg5 29. Nxe5 Rxe5 30. Bxe5 Nxe5 31. Qh5 d2 32. Rd1 Rc1 33. Bg2 Ba6+ 0-1


[Site "https://www.chess.com"]

[Event "Titled Tuesday Blitz August 02 Early 2022"]
[White "Salem, A.R. Saleh"]
[Black "Manukyan, Sargis A."]
[WhiteFideId "9301348"]
[BlackFideId "13303970"]
[WhiteElo "2679"]
[BlackElo "2187"]
[Result "1-0"]
[Round "06"]
[TimeControl "180+1"]
[Date "2022.08.02"]
[WhiteClock "0:00:04"]
[BlackClock "0:00:07"]

1. d4 Nf6 2. c4 e6 3. Nc3 d5 4. Nf3 Be7 5. Bg5 h6 6. Bh4 O-O 7. e3 b6 8. Be2 Bb7 9. O-O Nbd7 10. Rc1 dxc4 11. Bxc4 c5 12. Qe2 Ne4 13. Nxe4 Bxe4 14. Bg3 Bxf3 15. Qxf3 cxd4 16. exd4 Nf6 17. Qb7 Bd6 18. Be5 Qe7 19. Ba6 Qxb7 20. Bxb7 Rad8 21. Rfd1 Rfe8 22. h3 Re7 23. Bf3 Nd5 24. Rc6 Bxe5 25. dxe5 Red7 26. a3 g5 27. g3 Ne7 28. Rcd6 Rxd6 29. Rxd6 Rc8 30. Be4 Rc7 31. Kg2 Kg7 32. f4 gxf4 33. gxf4 Ng6 34. Kg3 Rc4 35. Bd3 Rc1 36. Rd7 Rg1+ 37. Kf2 Rd1 38. Ke2 Rh1 39. Bc4 Rh2+ 40. Kf1 Nxf4 41. Rxa7 Rxb2 42. h4 h5 43. Rb7 Kg6 44. a4 Kf5 45. a5 b5 46. Bxb5 Kxe5 47. a6 Ra2 48. a7 Ke4 49. Bc6+ Ke3 50. Kg1 Ra1+ 51. Kh2 Ra2+ 52. Kg1 Ra1+ 53. Kh2 Ra2+ 54. Kg3 Ne2+ 55. Kg2 Nd4+ 56. Rb2 Nxc6 57. Rxa2 Nxa7 58. Rxa7 Kf4 59. Rxf7+ 1-0


[Site "https://www.chess.com"]

[Event "Titled Tuesday Blitz August 02 Early 2022"]
[White "Samunenkov, Ihor"]
[Black "Chen, Justin"]
[WhiteFideId "14187086"]
[BlackFideId "2098199"]
[WhiteElo "2409"]
[BlackElo "2289"]
[Result "0-1"]
[Round "06"]
[TimeControl "180+1"]
[Date "2022.08.02"]
[WhiteClock "0:00:02"]
[BlackClock "0:00:03"]

1. e4 e5 2. Nf3 Nc6 3. Bb5 f5 4. d4 fxe4 5. Nxe5 Nxe5 6. dxe5 c6 7. Bc4 Qa5+ 8. Nc3 Qxe5 9. O-O Nf6 10. Ne2 d5 11. Bb3 Bg4 12. Bf4 Qxf4 13. Nxf4 Bxd1 14. Raxd1 Bd6 15. Ne2 b5 16. Nd4 Kd7 17. a4 a6 18. f3 Rhe8 19. fxe4 Rxe4 20. Nxc6 bxa4 21. Ba2 Rae8 22. Nd4 Rxd4 23. Rxd4 Bc5 24. Rd1 Re2 25. Kf1 Rxc2 26. Rxa4 Rxb2 27. Bxd5 Kd6 28. Bf3+ Ke5 29. Rxa6 Rf2+ 30. Ke1 Rc2 31. Rc6 g5 32. h3 h5 33. Rd8 g4 34. hxg4 hxg4 0-1


[Site "https://www.chess.com"]

[Event "Titled Tuesday Blitz August 02 Early 2022"]
[White "Sarana, Alexey"]
[Black "Livaic, Leon"]
[WhiteFideId "24133795"]
[BlackFideId "14531534"]
[WhiteElo "2973"]
[BlackElo "2833"]
[Result "1-0"]
[Round "06"]
[TimeControl "180+1"]
[Date "2022.08.02"]
[WhiteClock "0:00:11"]
[BlackClock "0:00:48"]

1. c4 e6 2. Nc3 d5 3. d4 Nf6 4. cxd5 exd5 5. Bg5 c6 6. e3 Be6 7. Bd3 Nbd7 8. Nf3 h6 9. Bh4 g5 10. Bg3 Nh5 11. Be5 Nhf6 12. Bg3 Nh5 13. Qb3 Nxg3 14. hxg3 Nb6 15. O-O-O Bg7 16. Kb1 Qe7 17. Na4 Nxa4 18. Qxa4 O-O 19. Rc1 Rfc8 20. Ne5 c5 21. f4 c4 22. Bc2 b5 23. Qa5 f6 24. Ng6 Qd6 25. Rhf1 b4 26. e4 dxe4 27. Bxe4 Rab8 28. fxg5 fxg5 29. d5 Bf7 30. Rxf7 Kxf7 31. Qxa7+ Qc7 32. Rf1+ Kg8 33. Ne7+ Kh8 34. Nxc8 Qe5 35. Rf8+ 1-0


[Site "https://www.chess.com"]

[Event "Titled Tuesday Blitz August 02 Early 2022"]
[White "Shimanov, Aleksandr"]
[Black "Gurel, Ediz"]
[WhiteFideId "4198603"]
[BlackFideId "44507356"]
[WhiteElo "2933"]
[BlackElo "2827"]
[Result "1-0"]
[Round "06"]
[TimeControl "180+1"]
[Date "2022.08.02"]
[WhiteClock "0:00:48"]
[BlackClock "0:00:25"]

1. e4 c5 2. Nf3 e6 3. c3 Nf6 4. Bd3 d5 5. e5 Nfd7 6. Bc2 Nc6 7. d4 cxd4 8. cxd4 Be7 9. Nc3 O-O 10. h4 f5 11. Ne2 Re8 12. a3 b5 13. Bg5 b4 14. a4 Ba6 15. Nf4 Nf8 16. Bd3 Bxd3 17. Qxd3 Qb6 18. O-O Rac8 19. Rfc1 h6 20. Bxe7 Nxe7 21. a5 Rxc1+ 22. Rxc1 Qxa5 23. Rc5 Qa1+ 24. Kh2 Qxb2 25. Rc7 Qxf2 26. Rc2 Qxc2 27. Qxc2 a5 28. Nd3 Rc8 29. Qa4 Rc3 30. Nc5 Nc6 31. Qxc6 1-0


[Site "https://www.chess.com"]

[Event "Titled Tuesday Blitz August 02 Early 2022"]
[White "Shipov, Sergei"]
[Black "Mardov, Dimitar"]
[WhiteFideId "4113624"]
[BlackFideId "30919495"]
[WhiteElo "2782"]
[BlackElo "2185"]
[Result "0-1"]
[Round "06"]
[TimeControl "180+1"]
[Date "2022.08.02"]
[WhiteClock "0:00:48"]
[BlackClock "0:00:24"]

1. d4 Nf6 2. c4 e6 3. Nc3 Bb4 4. Qc2 b6 5. a3 Bxc3+ 6. Qxc3 Bb7 7. Bg5 h6 8. Bh4 g5 9. Bg3 Ne4 10. Qc2 d6 11. e3 h5 12. Bd3 Nxg3 13. hxg3 Bxg2 14. Rh2 Bb7 15. O-O-O Nd7 16. e4 Qf6 17. Ne2 O-O-O 18. f4 h4 19. e5 dxe5 20. dxe5 Qg7 21. Be4 hxg3 22. Bxb7+ Kxb7 23. Qe4+ Kb8 24. Rxh8 Qxh8 25. Nd4 Nc5 26. Qf3 Rxd4 27. Rxd4 gxf4 28. Rxf4 g2 29. Rg4 Qh1+ 30. Kc2 g1=Q 31. Rg8+ Qxg8 32. Qxh1 Qg6+ 0-1


[Site "https://www.chess.com"]

[Event "Titled Tuesday Blitz August 02 Early 2022"]
[White "Srihari L R"]
[Black "Musovic, Armin"]
[WhiteFideId "46617116"]
[BlackFideId "939935"]
[WhiteElo "2170"]
[BlackElo "2255"]
[Result "1-0"]
[Round "06"]
[TimeControl "180+1"]
[Date "2022.08.02"]
[WhiteClock "0:00:18"]
[BlackClock "0:00:07"]

1. d4 d5 2. c4 c5 3. cxd5 Qxd5 4. e3 cxd4 5. Nc3 Qa5 6. exd4 Nf6 7. Nf3 g6 8. Qb3 Bg7 9. Bb5+ Nbd7 10. O-O O-O 11. Re1 e6 12. Bd2 Qd8 13. Rac1 a6 14. Bf1 Nb6 15. Bg5 h6 16. Bh4 g5 17. Bg3 Nbd5 18. Nxd5 Nxd5 19. h4 g4 20. Ne5 h5 21. a4 Qf6 22. Bc4 Ne7 23. Bd3 Nf5 24. Bxf5 exf5 25. Bf4 Qxh4 26. Ng6 Qd8 27. Nxf8 Bxf8 28. Rc7 Qf6 29. Re8 Be6 30. Qxe6 fxe6 31. Rxa8 Qxd4 32. g3 e5 33. Bh6 Qd1+ 34. Kh2 Qd6 35. Rxf8+ Qxf8 36. Bxf8 Kxf8 1-0


[Site "https://www.chess.com"]

[Event "Titled Tuesday Blitz August 02 Early 2022"]
[White "Steinberg, Nitzan"]
[Black "Aditya Mittal"]
[WhiteFideId "2801795"]
[BlackFideId "35042025"]
[WhiteElo "2910"]
[BlackElo "2818"]
[Result "0-1"]
[Round "06"]
[TimeControl "180+1"]
[Date "2022.08.02"]
[WhiteClock "0:00:11"]
[BlackClock "0:00:11"]

1. Nf3 d5 2. d4 Nf6 3. Bf4 c5 4. e3 Nc6 5. c3 Qb6 6. Qb3 c4 7. Qc2 Bf5 8. Qc1 Nh5 9. Bg5 h6 10. Bh4 g5 11. Bg3 e6 12. Nbd2 Nxg3 13. hxg3 Bg7 14. Be2 O-O 15. Bd1 Qc7 16. Bc2 Ne7 17. g4 Bg6 18. Bxg6 Nxg6 19. Qc2 f5 20. gxf5 exf5 21. g4 Qf7 22. Nh2 Nh4 23. O-O-O b5 24. gxf5 Qxf5 25. Qxf5 Rxf5 26. f3 Raf8 27. e4 Rf4 28. Rde1 Rd8 29. Rhg1 a5 30. Ng4 Nxf3 31. Nxf3 Rxf3 32. exd5 Rxd5 33. a4 b4 34. Ne3 Rd8 35. Rgf1 Rxf1 36. Rxf1 h5 37. Kd2 g4 38. Nxc4 Bxd4 39. Nxa5 bxc3+ 40. Kc2 cxb2 41. Nb3 Rc8+ 42. Kb1 Bg7 43. a5 g3 44. Rf5 h4 45. Rg5 Kh7 46. Nc5 Re8 47. Nd3 Rd8 48. Nxb2 Rb8 49. a6 Rxb2+ 50. Kc1 Ra2 51. Rg4 Rxa6 52. Rxh4+ Rh6 53. Rg4 Rg6 0-1


[Site "https://www.chess.com"]

[Event "Titled Tuesday Blitz August 02 Early 2022"]
[White "Swiercz, Dariusz"]
[Black "Nitish Belurkar"]
[WhiteFideId "1126881"]
[BlackFideId "5084768"]
[WhiteElo "2627"]
[BlackElo "2306"]
[Result "1-0"]
[Round "06"]
[TimeControl "180+1"]
[Date "2022.08.02"]
[WhiteClock "0:01:24"]
[BlackClock "0:01:49"]

1. e4 d5 2. Nc3 Nf6 3. exd5 Nxd5 4. Nxd5 Qxd5 5. Qf3 Be6 6. Qxd5 Bxd5 7. Ne2 e5 8. Nc3 Be6 9. Bb5+ c6 10. Ba4 Nd7 11. Bb3 Nc5 12. Bxe6 Nxe6 13. d3 Nd4 14. Kd1 O-O-O 15. Be3 Nf5 16. g4 Nd4 17. Bxd4 Rxd4 18. Ne4 Be7 19. Ke2 Rhd8 20. h4 f6 21. h5 c5 22. b3 b5 23. a4 bxa4 24. Rxa4 Rxa4 25. bxa4 Rd4 26. c4 Rd7 27. Rb1 Rb7 28. Rb5 a6 29. Rxb7 Kxb7 30. Nc3 Kc6 31. Nd5 Bd8 32. Kf3 Kd6 33. Ke4 Ke6 34. f4 exf4 35. Nxf4+ Kd6 36. Ng2 Ke6 37. Nf4+ Kd6 38. Kf5 Ke7 39. h6 g6+ 40. Nxg6+ 1-0


[Site "https://www.chess.com"]

[Event "Titled Tuesday Blitz August 02 Early 2022"]
[White "Tomb, Maroun"]
[Black "Drygalov, Sergey"]
[WhiteFideId "5300398"]
[BlackFideId "24171743"]
[WhiteElo "2545"]
[BlackElo "2523"]
[Result "0-1"]
[Round "06"]
[TimeControl "180+1"]
[Date "2022.08.02"]
[WhiteClock "0:00:36"]
[BlackClock "0:00:59"]

1. e4 c5 2. Ne2 d6 3. g3 Nf6 4. Bg2 g6 5. c3 Bg7 6. d4 O-O 7. O-O Nc6 8. h3 e5 9. Be3 b6 10. Nd2 Ba6 11. d5 Ne7 12. f4 Nh5 13. f5 Bxe2 14. Qxe2 Nxg3 15. Qf2 Nxf1 16. Rxf1 f6 17. h4 Kh8 18. h5 gxf5 19. exf5 Ng8 20. Ne4 Bh6 21. Qd2 Bxe3+ 22. Qxe3 Rf7 23. Rf3 Qf8 24. Rg3 Rd8 25. h6 Nxh6 26. Qf3 Rg7 27. Rh3 Ng8 28. Qh5 Qf7 29. Qh4 Qxd5 30. Nxf6 Qd1+ 31. Kh2 Nxf6 32. Qxf6 Re8 33. c4 Qg4 0-1


[Site "https://www.chess.com"]

[Event "Titled Tuesday Blitz August 02 Early 2022"]
[White "Vakhlamov, Igor L."]
[Black "Goldin, Alexander"]
[WhiteFideId "24126748"]
[BlackFideId "2019540"]
[WhiteElo "2401"]
[BlackElo "2660"]
[Result "0-1"]
[Round "06"]
[TimeControl "180+1"]
[Date "2022.08.02"]
[WhiteClock "0:00:16"]
[BlackClock "0:00:36"]

1. e4 e5 2. Nf3 Nc6 3. Nc3 Nf6 4. Bb5 Bb4 5. Nd5 Be7 6. Nxe7 Qxe7 7. O-O O-O 8. Re1 d6 9. h3 a6 10. Bf1 Re8 11. c3 Bd7 12. a4 a5 13. d4 exd4 14. cxd4 Nxe4 15. Nd2 Qh4 16. d5 Nb4 17. g3 Nxg3 18. Rxe8+ Rxe8 19. Nf3 Qh5 20. fxg3 Bxh3 21. Bxh3 Qxh3 22. Bf4 Qf5 23. Qd2 Nxd5 24. Re1 Rxe1+ 25. Qxe1 h6 26. Nd4 Qd3 27. Qf2 Nf6 28. Qe3 Qb1+ 29. Qc1 Qd3 30. Qe3 Qd1+ 31. Kg2 Qxa4 32. Nf5 Qc6+ 33. Kg1 Qe4 34. Qxe4 Nxe4 35. Kg2 b5 36. Ne7+ Kh7 37. Nc6 a4 38. Kf3 Nc5 39. Ke3 g5 40. Nd4 gxf4+ 41. Kxf4 b4 42. Ke3 a3 43. bxa3 bxa3 44. Kd2 a2 45. Nc2 Nb3+ 46. Kc3 a1=Q+ 47. Nxa1 Nxa1 48. Kb2 Kg6 49. Kxa1 Kg5 50. Kb2 Kg4 51. Kc3 Kxg3 52. Kd4 h5 53. Kd5 h4 54. Kc6 h3 55. Kd7 h2 56. Ke7 h1=Q 57. Kd8 d5 58. Kc8 d4 59. Kb8 d3 60. Ka7 d2 61. Kb8 d1=Q 62. Kc8 Qa8+ 63. Kxc7 Qdd8# 0-1


[Site "https://www.chess.com"]

[Event "Titled Tuesday Blitz August 02 Early 2022"]
[White "Weetik, Vjacheslav"]
[Black "Itgelt, Khuyagtsogt"]
[WhiteFideId "4153472"]
[BlackFideId "4902912"]
[WhiteElo "2469"]
[BlackElo "2012"]
[Result "0-1"]
[Round "06"]
[TimeControl "180+1"]
[Date "2022.08.02"]
[WhiteClock "0:00:03"]
[BlackClock "0:00:06"]

1. d4 d5 2. c4 e6 3. Nf3 c5 4. e3 Nc6 5. Nc3 Nf6 6. a3 a6 7. dxc5 Bxc5 8. b4 Bb6 9. Bb2 O-O 10. Qc2 Qe7 11. Ng5 g6 12. h4 d4 13. c5 dxc3 14. Qxc3 Bd8 15. O-O-O e5 16. Bc4 h6 17. Rd6 Bc7 18. Qd3 Kg7 19. f4 Bf5 20. e4 hxg5 21. exf5 gxf4 22. fxg6 Bxd6 23. cxd6 Qd7 24. h5 Rh8 25. gxf7 Rad8 26. Qg6+ Kf8 27. Qxf6 Rh7 28. Rd1 Qg4 29. h6 Qh5 30. d7 Qxh6 31. Qf5 Rg7 32. Kb1 Qg6 33. Bd3 Qxf5 34. Bxf5 Rxf7 35. Bh3 Re7 36. Rd6 Nd4 37. Bxd4 exd4 38. Rxd4 Rf7 39. Kb2 Kg7 40. Rd6 Re7 41. Kb3 Rf7 42. Kc4 f3 43. gxf3 Rxf3 44. Be6 Rf4+ 45. Kc5 Kf8 46. Bh3 Ke7 47. Rd3 Re4 48. Kb6 Re5 49. Kxb7 a5 50. Kb6 axb4 51. axb4 Rb8+ 52. Kc6 Kd8 53. b5 Rbxb5 54. Rg3 Rec5+ 55. Kd6 Rd5+ 56. Ke6 Rxd7 57. Rc3 Rb6+ 58. Ke5 Re7+ 59. Kf4 Rc7 60. Rd3+ Ke7 61. Bf5 Rd6 62. Rh3 Rc4+ 63. Kg5 Rd5 64. Rh7+ Kd6 65. Rd7+ Kc5 66. Rc7+ Kd4 67. Rxc4+ Kxc4 68. Kf6 Kd4 69. Be6 Ra5 70. Bf5 Ra6+ 71. Kg5 Ke5 72. Bd3 Ra3 73. Be2 Rg3+ 74. Kh4 Rg8 75. Kh5 Kf4 76. Kh6 Kf5 77. Kh7 Rg1 78. Bd3+ Kf6 79. Kh8 Rh1+ 80. Bh7 Rh5 81. Kg8 Rh4 82. Kh8 Rh2 83. Kg8 Rb2 84. Kh8 Rb7 85. Bg8 Rg7 86. Bh7 Re7 87. Bg8 Kg6 88. Bc4 Kh6 89. Kg8 Re4 90. Bf7 Rf4 91. Be6 Kg6 92. Bc4 Rxc4 0-1


[Site "https://www.chess.com"]